 Dungeon Crawl Stone Soup version 0.30-a0-953-g5f1da4a474 (webtiles) character file.

Game seed: 17155523013806298256

120 DeathPants the Chopper (level 5, -5/28 HPs)
             Began as a Vine Stalker Fighter on Mar 28, 2023.
             Killed by divine providence
             ... invoked by an orc priest
              (12 damage)
             ... on level 3 of the Dungeon.
             The game lasted 00:05:27 (2016 turns).

DeathPants the Chopper (Vine Stalker Fighter)       Turns: 2016, Time: 00:05:28

Health: -5/28      AC:  8    Str: 20    XL:     5   Next: 4%
Magic:  0/6        EV:  9    Int:  8    God:
Gold:   143        SH:  5    Dex: 14    Spells: 4/4 levels left

rFire   . . .      SeeInvis .    a - +0 war axe
rCold   . . .      Faith    .    c - +0 buckler
rNeg    . . .      Spirit   +    b - +0 scale mail
rPois   .          Reflect  .    k - +0 helmet
rElec   .          Rampage  .    i - +0 cloak
rCorr   .                        (no gloves)
Will    .....                    (no boots) Stlth
                                 (no amulet)
HPRegen 1.04/turn                (no ring)
MPRegen 0.10/turn                (no ring)

@: no status effects
A: fangs 2, regeneration 1, magic shield, antimagic bite, no potion heal 2
a: no special abilities


You were on level 3 of the Dungeon.
You visited 1 branch of the dungeon, and saw 4 of its levels.

You collected 143 gold pieces.

Inventory:

Hand Weapons
 a - a +0 war axe (weapon)
 n - a +2 flail of protection
Missiles
 o - 5 silver boomerangs (quivered)
 p - 3 javelins
Armour
 b - a +0 scale mail (worn)
 c - a +0 buckler (worn)
 i - a +0 cloak (worn)
 k - a +0 helmet (worn)
Scrolls
 h - a scroll of magic mapping
Potions
 d - 3 potions of might
 e - a potion of magic {unknown}
 f - 2 potions of mutation
 g - 2 potions of curing


   Skills:
 + Level 3.4 Fighting
 * Level 3.4 Axes
 - Level 2.4 Armour
 + Level 3.4 Shields


You had 4 spell levels left.
You didn't know any spells.
Your spell library contained the following spells:

 Spells                   Type           Power      Damage    Failure   Level
 Gell's Gravitas          Tloc           0%         N/A       99%         3
 Hailstorm                Conj/Ice       0%         3d3       99%         3
 Teleport Other           Tloc           0%         N/A       99%         3
 Ice Form                 Ice/Tmut       0%         N/A       100%        4
 Dispersal                Tloc           0%         N/A       100%        6
 Simulacrum               Ice/Necr       0%         N/A       100%        6


Dungeon Overview and Level Annotations

Branches:
Dungeon (4/15)
 Temple: D:4-7

Altars:
Kikubaaqudgha


Innate Abilities, Weirdness & Mutations

You have extremely sharp teeth.
Your natural rate of healing is unusually fast.
When hurt, damage is shared between your health and your magic reserves.
Your bite disrupts and absorbs the magic of your enemies.
Potions cannot restore your health.


Message History

A magic dart appears from out of thin air!
The magic dart hits you.
An orc comes into view. It is wielding a +0 club.
The orc shouts!
You closely miss the orc priest.
You bite the orc priest, but do no damage.
The orc priest barely misses you. x2
You hit the orc priest.
You bite the orc priest, but do no damage.
The orc priest is heavily wounded.
The orc priest barely misses you.
You hit the orc priest.
The orc priest is severely wounded.
The orc hits you but does no damage.
The orc priest hits you but does no damage.
The orc priest invokes the aid of Beogh against you.
Beogh smites you! The orc closely misses you.
The orc priest hits you but does no damage.
You slash the orc priest!
You kill the orc priest!
The orc barely misses you.
You have reached level 5!
You hit the orc. You bite the orc, but do no damage.
The orc is almost dead.
The orc hits you from afar with a +0 trident!
You block the orc's attack.
You closely miss the orc.
The orc is almost dead.
The orc hits you but does no damage. The orc hits you with a +0 club.
The orc priest miscasts a cantrip.
The orc hits you but does no damage.
The orc hits you from afar with a +0 trident.
* * * LOW HITPOINT WARNING * * *
You barely miss the orc.
The orc is almost dead.
The orc barely misses you. The orc hits you with a +0 club.
* * * LOW HITPOINT WARNING * * *
The orc priest invokes the aid of Beogh against you.
Beogh smites you!
You die...

........##..######
...... ........+..>..#
###### ........###.#.#
.....†..# #.#.#
.######## #.#.# ### .#
###.#.# .... .## #...#.#
.....
..#######.#.#.####o.....
....)...........@oo{....
.#.####.####.###########
.#.#.......#...........
.#.#.......#...########
.#.#.......#.#.#
.#.#.[._...^.#.#
.#.#.......#...#
.#.#.......#..##
.#.#.......#.##


You could see an orc priest and 2 orcs.

Vanquished Creatures
  An orc priest (D:3)
  Robin (D:2)
  2 adders (D:3)
  3 dart slugs
  4 ball pythons
  6 endoplasms
  A giant cockroach (D:2)
  11 goblins
  5 hobgoblins
  3 jackals
  4 kobolds
  2 quokkas (D:2)
  5 bats
  3 frilled lizards (D:1)
  3 rats
54 creatures vanquished.

Vanquished Creatures (others)
  2 fungi (D:1)
  A plant (D:1)
3 creatures vanquished.

Grand Total: 57 creatures vanquished

Notes
Turn   | Place    | Note
-------+----------+-------------------------------------------
     0 | D:1      | DeathPants the Vine Stalker Fighter began the quest for the
                  | Orb.
     0 | D:1      | Reached XP level 1. HP: 11/11 MP: 2/2
    49 | D:1      | Reached XP level 2. HP: 16/16 MP: 3/3
   475 | D:1      | Reached XP level 3. HP: 18/20 MP: 4/4
   641 | D:1      | Found a faded altar of an unknown god.
  1148 | D:2      | Noticed Robin
  1158 | D:2      | Gained mutation: Your natural rate of healing is unusually
                  | fast. [Vine Stalker growth]
  1158 | D:2      | Reached XP level 4. HP: 11/24 MP: 3/5
  1159 | D:2      | Killed Robin
  1723 | D:3      | Found an ancient bone altar of Kikubaaqudgha.
  2014 | D:3      | Reached XP level 5. HP: 17/28 MP: 2/6
  2016 | D:3      | Killed from afar by an orc priest

Illustrated notes

Levels and vault maps discovered:
D:1:      nzn_arrival_water_spiral, layout_loops_ring,
          shapermc_ecumenical_altar_hornbeckon
D:2:      kennysheep_six_static_rooms, layout_loops_ring, dk_noncrumbling_4,
          uniq_robin
D:3:      layout_basic, lemuel_tele_altar
D:4:      layout_cave_pools, mainiacjoe_overflow_paths,
          nicolae_ru_the_path_less_chosen, chequers_serial_rivers_small_b,
          uniq_edmund

Skill      XL: |  1  2  3  4 |
---------------+-------------+-----
Axes           | 2 3 |  3.4
Fighting       | 3 |  3.4
Shields        | 3 |  3.4
Armour         | |  2.4

Action                     |  1- 3 |  4- 6 || total
---------------------------+-------+-------++-------
  Melee: War axe           |    83 |    45 ||   128
         Bite              |    19 |    13 ||    32
    Use: Scroll            |       |     7 ||     7
 Armour: Scale mail        |    41 |    25 ||    66
  Dodge: Dodged            |    54 |    21 ||    75
  Block: Buckler           |    21 |     9 ||    30

Table legend: (Time is in decaauts)
 A = Elapsed time spent in this place.
 B = Non-inter-level travel time spent in this place.
 C = Inter-level travel time spent in this place.
 D = Time resting spent in this place.
 E = Time spent auto-exploring this place.
 F = Levels seen in this place.
 G = Mean time per level.
                   A        B        C        D        E       F      G
               +--------+--------+--------+--------+--------+-----+--------+
         Total |   2077 |   2031 |     46 |      0 |   1456 |   4 |  519.2 |
       Dungeon |   2077 |   2031 |     46 |      0 |   1456 |   4 |  519.2 |
               +--------+--------+--------+--------+--------+-----+--------+

Top non-repeatable levels by time:
     D:2: 910 daAuts
     D:1: 793 daAuts
     D:3: 362 daAuts
     D:4: 11 daAuts
